Map: Lerilak Crest

Players

Snow - Winner!

  • Race: Protoss Protoss
  • League: Grandmaster

Boo - Winner!

  • Race: Protoss Protoss
  • League: Grandmaster

Sanguinarius

  • Race: Protoss Protoss
  • League: Grandmaster

OptimusPrime

  • Race: Protoss Protoss
  • League: Grandmaster

VOD

Have the link to the VOD?

Description

Time

  • Played on: Sept. 10, 2015, 7:58 p.m.
  • Length: 18:12
Show
View Real Time Build Order
Export as new Build Order

Snow Protoss - Winner!

Build Orders:  

Get SALT Encoding   

  12  0:09  Pylon  
  12  0:13  Probe (Chrono Boost)  
  13  0:23  Probe (Chrono Boost)  
  14  0:34  Gateway  
  14  0:36  Probe (Chrono Boost)  
  15  0:46  Probe (Chrono Boost)  
  15  0:49  Assimilator  
  16  0:56  Probe (Chrono Boost)  
  17  0:57  Assimilator  
  17  1:10  Gateway  
  17  1:12  Probe (Chrono Boost)  
  19  1:27  Cybernetics Core  
  19  1:31  Probe (Chrono Boost)  
  19  1:41  Probe (Chrono Boost)  
  20  1:47  Pylon  
  20  1:51  Probe (Chrono Boost)  
  21  1:59  Warp Gate  
  21  2:03  Mothership Core (Chrono Boost)  
  23  2:20  Robotics Facility  
  23  2:23  Probe (Chrono Boost)  
  24  2:33  Probe (Chrono Boost)  
  25  2:49  Gateway  
  24  2:57  Pylon  
  24  3:08  Immortal  
  28  3:17  Stalker  
  28  3:19  Stalker  
  32  3:31  Pylon  
  32  3:41  Warp Prism  
  35  4:04  Probe (Chrono Boost)  
  35  4:10  Immortal  
  35  4:16  Probe (Chrono Boost)  
  40  4:27  Nexus  
  40  4:34  Probe (Chrono Boost)  
  41  4:42  Stalker  
  41  4:45  Stalker  
  45  5:02  Probe (Chrono Boost)  
  45  5:03  Pylon  
  45  5:04  Pylon  
  46  5:14  Probe (Chrono Boost)  
  47  5:16  Robotics Bay  
  47  5:31  Stalker x2  
  51  5:39  Probe x2 (Chrono Boost)  
  53  5:49  Probe x2 (Chrono Boost)  
  55  6:00  Zealot  
  55  6:01  Stalker x2  
  61  6:06  Probe x2 (Chrono Boost)  
  63  6:23  Colossus  
  63  6:25  Extended Thermal Lance  
  69  6:33  Probe x2 (Chrono Boost)  
  69  6:37  Assimilator  
  71  6:43  Probe (Chrono Boost)  
  72  6:48  Probe (Chrono Boost)  
  74  6:55  Probe (Chrono Boost)  
  74  6:58  Probe (Chrono Boost), Pylon  
  75  7:08  Colossus, Pylon  
  75  7:19  Assimilator  
  81  7:32  Twilight Council  
  81  7:34  Forge, Pylon  
  81  7:40  Probe (Chrono Boost)  
  82  7:46  Probe (Chrono Boost)  
  82  7:51  Probe (Chrono Boost)  
  84  7:55  Colossus  
  84  7:56  Gateway  
  84  7:57  Gateway  
  84  7:58  Pylon, Protoss Ground Weapons Level 1, Probe (Chrono Boost)  
  85  8:01  Probe (Chrono Boost)  
  92  8:10  Probe (Chrono Boost)  
  93  8:14  Charge  
  93  8:39  Nexus  
  93  8:43  Pylon  
  93  8:54  Gateway  
  93  8:55  Gateway, Pylon  
  93  9:00  Templar Archives  
  93  9:07  Observer  
  94  9:14  Photon Cannon  
  94  9:17  Photon Cannon  
  94  9:25  Probe (Chrono Boost)  
  94  9:27  Probe (Chrono Boost)  
  86  9:33  Protoss Ground Weapons Level 2  
  86  9:35  Probe (Chrono Boost)  
  88  9:39  Probe (Chrono Boost)  
  88  9:40  Warp Prism  
  90  9:47  High Templar x4  
  90  9:49  Archon x2  
  90  9:52  Zealot x3  
  104  9:58  Blink  
  104  9:59  Probe x2 (Chrono Boost)  
  107  10:01  Probe (Chrono Boost)  
  107  10:06  Assimilator  
  107  10:09  Probe (Chrono Boost)  
  107  10:13  Probe (Chrono Boost), Pylon  
  107  10:14  Pylon  
  109  10:18  Colossus  
  109  10:19  Pylon  
  115  10:33  Probe x2 (Chrono Boost)  
  115  10:34  Zealot  
  118  10:40  Assimilator  
  110  10:43  Probe x2 (Chrono Boost)  
  85  11:12  Zealot x2  
  85  11:13  Warp Prism  
  85  11:14  Stalker x3  
  85  11:15  Stalker  
  86  11:37  Gateway  
  86  11:38  Stargate  
  86  11:39  Zealot x4  
  88  11:40  Zealot x3  
  94  11:51  Immortal  
  98  12:01  High Templar x2  
  98  12:02  High Templar x3  
  98  12:03  Protoss Ground Weapons Level 3, High Templar  
  98  12:05  Nexus, Archon x2  
  98  12:06  Archon  
  110  12:08  Assimilator  
  110  12:12  Assimilator  
  110  12:14  Zealot  
  110  12:15  Pylon  
  107  12:17  Pylon  
  107  12:21  Pylon  
  88  12:37  Void Ray  
  91  12:47  Immortal  
  91  12:49  Fleet Beacon  
  95  13:06  Probe (Chrono Boost)  
  95  13:08  Probe x2 (Chrono Boost)  
  98  13:13  Pylon, Void Ray  
  98  13:16  Pylon, Protoss Air Weapons Level 1  
  100  13:20  Probe x2 (Chrono Boost)  
  100  13:24  Zealot x4  
  112  13:28  Probe x2 (Chrono Boost)  
  112  13:32  Probe x2 (Chrono Boost)  
  116  13:35  Photon Cannon  
  116  13:38  Probe x2 (Chrono Boost)  
  116  13:39  Carrier, Photon Cannon  
  118  13:44  Probe (Chrono Boost)  
  118  13:45  Probe (Chrono Boost)  
  118  13:47  Immortal  
  128  14:05  Zealot  
  128  14:06  Zealot  
  128  14:17  Graviton Catapult  
  128  14:20  Stargate  
  122  14:27  Immortal  
  122  14:33  Carrier  
  126  14:42  Protoss Ground Armor Level 1  
  126  14:44  Zealot x3  
  126  14:45  Zealot x5  
  140  14:47  Carrier  
  148  15:11  Protoss Air Weapons Level 2  
  148  15:19  Immortal, Nexus  
  154  15:27  Carrier  
  158  15:38  Assimilator  
  158  15:42  Assimilator  
  158  15:44  Pylon  
  158  15:55  Carrier  
  158  15:57  Immortal  
  168  16:27  Carrier  
  178  16:40  Warp Prism  
  178  16:45  Stalker x7  
  178  16:46  Stalker  
  196  17:11  Probe (Chrono Boost)  
  196  17:13  Probe x3 (Chrono Boost)  
  200  17:28  Photon Cannon  
  200  17:34  Photon Cannon  
  200  17:37  Photon Cannon  
  172  18:11  Stalker x6  
  172  18:12  Stalker x2  
Show
View Real Time Build Order
Export as new Build Order

Boo Protoss - Winner!

Build Orders:  

Get SALT Encoding   

  12  0:01  Probe (Chrono Boost)  
  13  0:14  Probe (Chrono Boost)  
  13  0:17  Pylon  
  14  0:24  Probe (Chrono Boost)  
  15  0:35  Probe (Chrono Boost)  
  16  0:41  Gateway  
  16  0:45  Probe (Chrono Boost)  
  17  0:55  Probe (Chrono Boost)  
  18  1:05  Assimilator  
  18  1:10  Pylon  
  18  1:11  Probe (Chrono Boost)  
  19  1:29  Cybernetics Core  
  19  1:35  Assimilator  
  19  1:44  Pylon  
  19  1:57  Pylon  
  19  1:58  Probe (Chrono Boost)  
  20  2:06  Warp Gate (Chrono Boost)  
  20  2:08  Probe (Chrono Boost), Adept  
  22  2:14  Gateway  
  23  2:20  Probe (Chrono Boost)  
  24  2:30  Probe (Chrono Boost)  
  25  2:40  Probe (Chrono Boost)  
  26  2:49  Mothership Core (Chrono Boost)  
  26  2:57  Gateway  
  28  3:01  Pylon  
  28  3:06  Pylon  
  28  3:10  Twilight Council  
  28  3:12  Pylon  
  28  3:15  Robotics Facility  
  28  3:32  Gateway  
  28  3:41  Forge  
  28  3:52  Pylon  
  27  3:56  Protoss Ground Weapons Level 1  
  27  4:06  Nexus  
  27  4:24  Observer (Chrono Boost)  
  28  4:45  Observer (Chrono Boost)  
  29  4:54  Pylon  
  29  4:57  Probe, Pylon  
  29  4:59  Assimilator  
  31  5:07  Shield Upgrade  
  31  5:09  Probe  
  32  5:14  Stalker x2  
  36  5:21  Adept  
  36  5:22  Probe  
  36  5:23  Sentry  
  40  5:34  Probe (Chrono Boost)  
  41  5:36  Immortal (Chrono Boost)  
  41  5:41  Adept  
  47  5:48  Probe (Chrono Boost)  
  46  5:56  Adept x2  
  48  6:07  Zealot  
  48  6:08  Sentry  
  52  6:26  Adept x2  
  56  6:36  Pylon  
  56  6:40  Pylon  
  56  6:50  Immortal (Chrono Boost)  
  56  6:51  Stalker  
  62  7:22  Adept x2, Zealot x2  
  66  7:38  Immortal (Chrono Boost)  
  70  7:52  Adept x2  
  70  7:53  Adept x2  
  77  8:17  Stalker  
  78  8:26  Pylon  
  78  8:28  Pylon  
  78  8:46  Stalker x3  
  83  8:58  Blink  
  81  9:15  Stalker  
  81  9:16  Stalker  
  79  9:57  Nexus  
  79  10:22  Stalker x2  
  49  11:26  Stalker x2  
  49  11:27  Stalker x2  
  55  11:42  Probe  
  55  11:43  Probe  
  57  11:53  Probe x2  
  59  12:03  Probe  
  59  12:07  Pylon  
  60  12:21  Gateway x2  
  34  12:41  Assimilator  
  34  12:42  Stalker x3  
  34  12:43  Stalker, Probe x2  
  40  12:53  Probe x2  
  42  13:03  Probe  
  43  13:14  Nexus  
  43  13:20  Pylon  
  43  13:22  Probe x2  
  45  13:32  Sentry x3  
  51  13:40  Stalker  
  53  13:42  Pylon  
  53  13:51  Stalker  
  53  13:52  Stalker  
  52  14:28  Adept x6  
  64  14:34  Assimilator  
  64  14:36  Pylon  
  64  14:40  Nexus  
  64  14:46  Dark Shrine  
  64  15:01  Probe x2  
  66  15:11  Probe x2  
  68  15:21  Probe  
  68  15:25  Sentry x2  
  68  15:26  Sentry x4  
  81  15:41  Gateway  
  81  15:43  Gateway  
  81  15:49  Immortal  
  85  15:50  Probe x3  
  88  15:59  Assimilator  
  88  16:02  Probe x2, Assimilator  
  89  16:05  Probe  
  91  16:12  Probe  
  92  16:35  Probe  
  92  16:36  Probe x2  
  95  16:40  Stalker x3  
  95  16:41  Stalker  
  95  16:42  Pylon  
  95  16:46  Probe x3  
  103  16:47  Pylon  
  106  16:55  Zealot x2  
  106  16:56  Dark Templar  
  106  17:00  Dark Templar  
  114  17:23  Dark Templar x4  
  122  17:31  Zealot x3  
Show
View Real Time Build Order
Export as new Build Order

Sanguinarius Protoss 

Build Orders:  

Get SALT Encoding   

Show
View Real Time Build Order
Export as new Build Order

OptimusPrime Protoss 

Build Orders:  

Get SALT Encoding   

Tags
 
Add a new tag
Caveats
  • Supply blocks, unpowered buildings, or Contaminate may cause inaccurate times.
  • Supply counts are checked every 10 seconds.